 Dungeon Crawl Stone Soup version 0.23-a0-4-g8f018a2 (webtiles) character file.

1185 seren the Ruffian (level 8, 0/120 HPs)
             Began as an Ogre Transmuter on July 31, 2018.
             Was a Believer of Wu Jian.
             Succumbed to a water moccasin's poison
             ... on level 6 of the Dungeon.
             The game lasted 00:36:35 (10202 turns).

seren the Ruffian (Ogre Transmuter)                Turns: 10202, Time: 00:36:36

Health: 0/120      AC:  4    Str: 21    XL:     8   Next: 42%
Magic:  14/15      EV: 10    Int: 14    God:    Wu Jian [**....]
Gold:   346        SH:  0    Dex: 10    Spells: 6/17 levels left

rFire    . . .     SeeInvis .     - Unarmed
rCold    . . .     Gourm    .   (no shield)
rNeg     . . .     Faith    +   u - +1 robe {MR+}
rPois    .         Spirit   .   (helmet restricted)
rElec    .         Reflect  .   (no cloak)
rCorr    .         Harm     .   (gloves unavailable)
MR       +....                  (boots unavailable)
Stlth    ..........             p - amulet of faith
HPRegen  0.30/turn              (no ring)
MPRegen  0.14/turn              (no ring)

@: berserking, lethally poisoned (0 -> -7), very quick
A: large, unfitting armour, tough skin 1
a: Wall Jump, Renounce Religion


You were on level 6 of the Dungeon.
You worshipped Wu Jian.
Wu Jian was pleased with you.
You were very hungry.

You visited 2 branches of the dungeon, and saw 7 of its levels.

You collected 346 gold pieces.

Inventory:

Hand Weapons
 b - a +0 blowgun
 m - a +0 spear
Missiles
 a - 97 arrows
 e - 43 sling bullets
 h - 4 tomahawks (quivered)
 k - 76 stones
 o - 7 poisoned needles
Armour
 u - a +1 robe of magic resistance (worn)
Jewellery
 p - an amulet of faith (around neck)
Wands
 q - a wand of iceblast (6)
 v - a wand of polymorph (12)
Scrolls
 i - 4 scrolls of remove curse
 l - 2 scrolls of teleportation {!r}
 s - 2 scrolls of fog
 y - a scroll of enchant weapon {unknown}
Potions
 c - a potion of invisibility
 f - a potion of magic {unknown}
 n - a potion of haste
 r - a potion of mutation {unknown}
 t - 2 potions of ambrosia
 w - a potion of brilliance {unknown}
 x - a potion of degeneration {unknown}
 z - a potion of lignification {unknown}
Comestibles
 d - 7 rations


   Skills:
 - Level 5.0 Fighting
 - Level 2.0 Dodging
 * Level 6.1 Unarmed Combat
 + Level 5.1 Spellcasting
 - Level 4.0 Transmutations
 - Level 1.1 Poison Magic
 + Level 1.9 Evocations


You had 6 spell levels left.
You knew the following spells:

 Your Spells              Type           Power        Failure   Level  Hunger
a - Animate Skeleton      Necr           N/A          17%         1    None
b - Sticks to Snakes      Tmut           ##......     4%          2    ##.....
c - Spider Form           Tmut/Pois      ##........   19%         3    ###....
d - Beastly Appendage     Tmut           ##....       3%          1    None
i - Ice Form              Ice/Tmut       #.......     58%         4    ####...

Your spell library contained the following spells:

 Spells                   Type           Power        Failure   Level  Hunger
 Animate Dead             Necr           N/A          86%         4    ####...
 Pain                     Necr           #...         17%         1    None
 Vampiric Draining        Necr           #.........   45%         3    ###....
 Regeneration             Chrm/Necr      #.........   45%         3    ###....
 Blade Hands              Tmut           ##........   67%         5    ######.


Dungeon Overview and Level Annotations

Branches:
Dungeon (6/15)             Temple (1/1) D:5

Altars:
Ashenzari
Cheibriados
Dithmenos
Elyvilon
Gozag
Hepliaklqana
Kikubaaqudgha
Nemelex Xobeh
Okawaru
Ru
Sif Muna
Trog
Wu Jian
Xom
Yredelemnul
Zin
The Shining One

Annotations:
D:5 3 runed doors, vault with food, 1 exclusion, galech's ghost, novice OpAs


Innate Abilities, Weirdness & Mutations

You are too large for most types of armour.
You have tough skin. (AC +1)


Message History

You feel sick.
A red film seems to cover your vision as you go berserk!
You feel yourself moving faster!
You feel mighty!
You feel sick.
The water moccasin completely misses you.
You miss the water moccasin.
The water moccasin is almost dead.
You feel sick. The water moccasin bites you.
* * * LOW HITPOINT WARNING * * *
You miss the water moccasin.
The water moccasin is almost dead.
* * * LOW HITPOINT WARNING * * *
You feel sick.
The water moccasin bites you but does no damage.
You miss the water moccasin.
The water moccasin is almost dead.
The water moccasin bites you.
* * * LOW HITPOINT WARNING * * *
You barely miss the water moccasin.
The water moccasin is almost dead.
You die...

### ### ##.# ##.# #.# #. #.##
#.## #.# ##.# ##.####.# ##
#.####.## ## ##.##.## .#..#..
#.#.....##..# ##..#### ....#..#
#...........## #......
....#...###(...S@......####......
..............(.##...............
......# #......## #.###.........
##....####((....# # ##........
#.....#.........# ###.......
.................# ......)....
.......####......... ##.........
....#### ##.......# #..#......
.....# #......## #.........


You could see a water moccasin.

Vanquished Creatures
  An ice beast (D:5)
  A sky beast (D:6)
  A crocodile (D:4)
  A bullfrog (D:5)
  2 scorpions (D:4)
  A crimson imp (D:6)
  A bullfrog zombie (D:6)
  3 hounds
  4 orc priests
  4 orc wizards
  2 bullfrog skeletons
  2 iguanas
  2 worker ants (D:5)
  5 adders
  A shadow imp (D:5)
  2 worms
  3 dart slugs
  2 leopard geckos
  19 orcs
  10 bats
  A bat zombie (D:4)
  4 giant cockroaches
  11 goblins
  8 hobgoblins
  8 jackals
  9 kobolds
  2 quokkas (D:2)
  A ball python (D:2)
  5 frilled lizards
  A jackal skeleton (D:5)
  A quokka skeleton (D:4)
  4 rats
  A rat zombie (D:4)
123 creatures vanquished.

Vanquished Creatures (collateral kills)
  A howler monkey (D:2)
  An orc wizard (D:3)
  2 adders (D:3)
4 creatures vanquished.

Vanquished Creatures (others)
  A withered plant (D:5)
1 creature vanquished.

Grand Total: 128 creatures vanquished

Notes
Turn   | Place    | Note
-------+----------+-------------------------------------------
     0 | D:1      | seren the Ogre Transmuter began the quest for the Orb.
     0 | D:1      | Reached XP level 1. HP: 19/19 MP: 3/3
   297 | D:1      | Reached XP level 2. HP: 21/28 MP: 5/5
   304 | D:1      | Learned a level 2 spell: Sticks to Snakes
   521 | D:1      | Reached skill level 3 in Unarmed Combat
  1022 | D:2      | Reached XP level 3. HP: 33/35 MP: 5/7
  1393 | D:2      | Reached XP level 4. HP: 44/44 MP: 5/8
  1457 | D:2      | HP: 2/44 [poisoned by an adder]
  1651 | D:2      | Learned a level 3 spell: Spider Form
  1839 | D:2      | Found an opulent altar of Gozag.
  1840 | D:2      | Found an ornate altar of the Wu Jian Council.
  1840 | D:2      | Found a shadowy altar of Dithmenos.
  1932 | D:2      | Became a worshipper of the Wu Jian Council
  2633 | D:3      | Reached XP level 5. HP: 49/52 MP: 9/9
  3129 | D:2      | You fall through a shaft for 2 floors!
  3400 | D:3      | Reached skill level 4 in Unarmed Combat
  4639 | D:3      | Reached * piety under Wu Jian
  4648 | D:3      | Reached XP level 6. HP: 38/61 MP: 2/11
  5118 | D:4      | Learned a level 1 spell: Animate Skeleton
  5198 | D:4      | Reached skill level 1 in Poison Magic
  5754 | D:4      | Reached XP level 7. HP: 67/70 MP: 12/12
  6256 | D:4      | Reached skill level 5 in Unarmed Combat
  6373 | D:4      | Found an ancient bone altar of Kikubaaqudgha.
  6698 | D:5      | Entered Level 5 of the Dungeon
  7205 | D:5      | Found a hazy altar of Hepliaklqana.
  7237 | D:5      | Reached ** piety under Wu Jian
  7806 | D:5      | Found a runed gate.
  7830 | D:5      | Found a staircase to the Ecumenical Temple.
  7857 | Temple   | Entered the Ecumenical Temple
  8072 | D:5      | Found a runed gate.
  8072 | D:5      | Found a runed gate.
  8074 | D:5      | Noticed galech's ghost (novice OpAs)
  8395 | D:5      | Found a shattered altar of Ashenzari.
  8501 | D:6      | Found a shimmering altar of Xom.
  8610 | D:6      | Reached skill level 1 in Evocations
  8610 | D:6      | Reached XP level 8. HP: 79/79 MP: 14/14
  8676 | D:6      | Reached skill level 5 in Fighting
  8686 | D:6      | Learned a level 4 spell: Ice Form
  9158 | D:6      | Reached skill level 6 in Unarmed Combat
  9158 | D:6      | Reached skill level 5 in Spellcasting
 10200 | D:6      | HP: 6/120 [poisoned by a water moccasin]
 10201 | D:6      | HP: 1/120 [water moccasin (6)]
 10202 | D:6      | Succumbed to a water moccasin's poison

Vault maps used:
D:1:      doesnt_arrival_eight_statues, dk_noncrumbling_2
D:2:      grunt_temple_overflow_open
D:4:      lemuel_zombie_altar_kikubaaqudgha, first_ration
D:5:      cheibrodos_two_vegetables, lemuel_doored_altar, ashenzari_altar_1,
          minmay_temple_entry_hall, gammafunk_ghost_cemetery,
          minmay_misc_feat_more_columns
D:6:      lemuel_crystal_altar, nicolae_underground_beach
Temple:   dpeg_chambers_temple

Skill      XL: |  1  2  3  4  5  6  7  8 |
---------------+-------------------------+-----
Dodging        | 2 |  2.0
Unarmed Combat | 3 4 5 6 |  6.1
Transmutations | 2 3 4 |  4.0
Fighting       | 2 3 4 5 |  5.0
Spellcasting   | 3 4 5 |  5.1
Poison Magic   | 1 |  1.1
Evocations     | 1 |  1.9

Action                   |  1- 3 |  4- 6 |  7- 9 || total
-------------------------+-------+-------+-------++-------
Melee: Unarmed           |   129 |   245 |   179 ||   553
       Punch             |     2 |     3 |     2 ||     7
       Kick              |     1 |     6 |     8 ||    15
       Headbutt          |       |     6 |     3 ||     9
       Blowgun           |       |       |     1 ||     1
 Fire: Blowgun           |       |    39 |    48 ||    87
Throw: Stone             |       |    18 |       ||    18
       Tomahawk          |       |       |     7 ||     7
 Cast: Beastly Appendage |     4 |     8 |     7 ||    19
       Sticks to Snakes  |     1 |    14 |     3 ||    18
       Spider Form       |       |       |     6 ||     6
       Animate Skeleton  |       |       |     3 ||     3
Invok: Lunge             |       |    12 |    14 ||    26
       Wall Jump         |       |       |    28 ||    28
       Whirlwind         |       |       |    16 ||    16
Evoke: Wand              |       |       |     4 ||     4
  Use: Potion            |     2 |     2 |     3 ||     7
       Scroll            |       |     1 |     7 ||     8
 Stab: Sleeping          |     1 |       |       ||     1
       Invisible         |     1 |       |       ||     1
  Eat: Chunk             |     2 |    10 |    11 ||    23
       Ration            |       |     1 |     1 ||     2
Armor: Robe              |    29 |    32 |    48 ||   109
Dodge: Dodged            |    68 |   145 |   103 ||   316

Table legend:
 A = Spawn XP
 B = Non-spawn XP
 C = Spawn XP percentage of total XP
 D = Spawn monster count
 E = Non-spawn monster count
 F = Spawn count percentage of total count
 G = Total turns spent on level
                    A         B        C        D         E        F      G
               +---------+---------+-------+---------+---------+-------+---------
         Total |       0 |    1694 |   0.0 |       0 |     127 |   0.0 | 10202
               +---------+---------+-------+---------+---------+-------+---------
           D:1 |       0 |      26 |   0.0 |       0 |      15 |   0.0 |   839
           D:2 |       0 |     225 |   0.0 |       0 |      33 |   0.0 |  2385
           D:3 |       0 |     104 |   0.0 |       0 |      33 |   0.0 |  1595
           D:4 |       0 |     519 |   0.0 |       0 |      18 |   0.0 |  1879
           D:5 |       0 |     495 |   0.0 |       0 |      20 |   0.0 |  2031
           D:6 |       0 |     325 |   0.0 |       0 |       8 |   0.0 |  1270
               +---------+---------+-------+---------+---------+-------+---------
